 Dungeon Crawl Stone Soup version 0.29-a0-575-g0dc89cf053 (webtiles) character file.

Game seed: 16990014731817534212

40 DocClef the Covert (level 3, -2/35 HPs)
             Began as a Gnoll Delver on June 12, 2022.
             Slain by an orc priest
             ... wielding a +0 hand axe
              (6 damage)
             ... on level 5 of the Dungeon.
             The game lasted 00:00:38 (139 turns).

DocClef the Covert (Gnoll Delver)                    Turns: 139, Time: 00:00:38

Health: -2/35      AC:  3    Str: 11    XL:     3   Next: 50%
Magic:  0/4        EV: 13    Int:  9    God:
Gold:   16         SH:  0    Dex: 15    Spells: 3/3 levels left

rFire   . . .      SeeInvis .   a - +0 short sword
rCold   . . .      Faith    .   (no shield)
rNeg    . . .      Spirit   +   b - +0 leather armour
rPois   .          Reflect  .   (no helmet)
rElec   .          Harm     .   (no cloak)
rCorr   .          Rampage  .   (no gloves)
Will    .....                   (no boots)
Stlth   ++++......              j - amulet of guardian spirit
HPRegen 0.11/turn               (no ring)
MPRegen 0.09/turn               (no ring)

@: no status effects
A: fangs 1, strong nose, distributed training
a: no special abilities


You were on level 5 of the Dungeon.
You visited 1 branch of the dungeon, and saw 1 of its levels.

You collected 16 gold pieces.

Inventory:

Hand Weapons
 a - a +0 short sword (weapon)
Armour
 b - a +0 leather armour (worn)
 d - a +0 chain mail
Jewellery
 j - an amulet of guardian spirit (around neck)
Wands
 g - a wand of digging (3)
Scrolls
 c - a scroll of fog
 e - a scroll of fear
 i - a scroll of noise {unknown}
Potions
 f - a potion of haste
 h - a potion of resistance {unknown}


   Skills:
 + Level 6.5 Fighting
 + Level 4.5 Short Blades
 + Level 0.8 Long Blades
 + Level 0.8 Axes
 + Level 0.8 Maces & Flails
 + Level 0.8 Polearms
 + Level 0.8 Staves
 + Level 0.8 Slings
 + Level 0.8 Bows
 + Level 0.8 Crossbows
 + Level 0.8 Throwing
 + Level 0.8 Armour
 + Level 4.5 Dodging
 + Level 9.6 Stealth
 + Level 0.8 Shields
 + Level 0.8 Unarmed Combat
 + Level 0.8 Spellcasting
 + Level 0.5 Conjurations
 + Level 0.5 Hexes
 + Level 0.5 Summonings
 + Level 0.5 Necromancy
 + Level 0.5 Translocations
 + Level 0.5 Transmutations
 + Level 0.5 Fire Magic
 + Level 0.5 Ice Magic
 + Level 0.5 Air Magic
 + Level 0.5 Earth Magic
 + Level 0.5 Poison Magic
 + Level 1.0 Invocations
 + Level 0.8 Evocations


You had 3 spell levels left.
You didn't know any spells.
Your spell library was empty.

Dungeon Overview and Level Annotations

Branches:
Dungeon (5/15)
 Temple: D:4-7

Altars:


Innate Abilities, Weirdness & Mutations

You have very sharp teeth.
Your uncanny sense of smell can sniff out nearby items.
Your experience applies equally to all skills.


Message History

The orc hits you with a +0 club.
You barely miss the orc. You bite the orc.
The orc is heavily wounded.
You hit the orc.
You kill the orc!
You hit the orc priest.
The orc priest is lightly wounded.
The orc priest invokes the aid of Beogh against you.
Beogh smites you!
You hear a shout!
You barely miss the orc priest. Your bite misses the orc priest.
The orc priest is lightly wounded.
The orc priest completely misses you.
You hit the orc priest.
The orc priest is lightly wounded.
The orc priest barely misses you.
You hit the orc priest.
The orc priest is moderately wounded.
The orc priest closely misses you.
You hit the orc priest.
The orc priest is moderately wounded.
The orc priest invokes the aid of Beogh against you.
Pain shoots through your body!
* * * LOW HITPOINT WARNING * * *
You hit the orc priest. You bite the orc priest.
The orc priest is heavily wounded.
The orc priest hits you with a +0 hand axe!
* * * LOW HITPOINT WARNING * * *
You hit the orc priest.
The orc priest is severely wounded.
The orc priest misses you.
You hit the orc priest.
The orc priest is almost dead.
You barely miss the orc priest.
The orc priest is almost dead.
The orc priest barely misses you.
You barely miss the orc priest.
The orc priest is almost dead.
The orc priest hits you with a +0 hand axe!
You die...

**,*** *,* *,* #.# *, **,*
*****,*****#.### #.# *, **,**
*,,,,,,,,,,....# #.# *, *,,,**
*,***,******...# #.# *,
,,,,,***,***,* *#..# #.# *,
*,,,,**,,,**,* #..# #.# *,
,,,,,,,,,,,*,* #..# #.# *,
,,,,,,,,,,,#K#######..####.#####.
,,,,,,,,,,,#oooo@........#.......
,,,,,,,,,..K########..##.#.######
*,,,,,,*,*,,* #..##.#.#
*,*****,,,,,*******#.......#
**,***,*,*,,,,,,,..........#*****
***,*,,,,*,,,,,,,....###.###*,,,*
* **,*****,******##### #.#***,,,,
* *** *,* #..,,,,,,* **********,*
###*******


You could see a kobold brigand, an orc priest, 3 orcs and a kobold.

Vanquished Creatures
  An iguana (D:5)
  An adder (D:5)
  An orc (D:5)
  3 jackals (D:5)
6 creatures vanquished.

Notes
Turn   | Place    | Note
-------+----------+-------------------------------------------
     0 | D:5      | Reached skill level 9 in Stealth
     0 | D:5      | DocClef the Gnoll Delver began the quest for the Orb.
     0 | D:5      | Reached XP level 1. HP: 23/23 MP: 1/1
    53 | D:5      | Noticed an iguana
    60 | D:5      | Killed an iguana
    61 | D:5      | Reached XP level 2. HP: 27/29 MP: 2/2
    61 | D:5      | Reached XP level 3. HP: 33/35 MP: 3/3
    68 | D:5      | Reached skill level 1 in Invocations
   123 | D:5      | Noticed a kobold brigand
   139 | D:5      | Slain by an orc priest

Illustrated notes

Levels and vault maps discovered:
D:5:      layout_loops_ring, enter_ossuary_4, kennysheep_windowed_goal,
          uniq_blork_the_orc

Skill      XL: |  1  2  3 |
---------------+----------+-----
Stealth        | |  9.6
Invocations    | 1 |  1.0
Fighting       | |  6.5
Short Blades   | |  4.5
Long Blades    | |  0.8
Axes           | |  0.8
Maces & Flails | |  0.8
Polearms       | |  0.8
Staves         | |  0.8
Slings         | |  0.8
Bows           | |  0.8
Crossbows      | |  0.8
Throwing       | |  0.8
Armour         | |  0.8
Dodging        | |  4.5
Shields        | |  0.8
Unarmed Combat | |  0.8
Spellcasting   | |  0.8
Conjurations   | |  0.5
Hexes          | |  0.5
Summonings     | |  0.5
Necromancy     | |  0.5
Translocations | |  0.5
Transmutations | |  0.5
Fire Magic     | |  0.5
Ice Magic      | |  0.5
Air Magic      | |  0.5
Earth Magic    | |  0.5
Poison Magic   | |  0.5
Evocations     | |  0.8

Action                   || total
-------------------------++-------
Melee: Short sword       ||    25
       Bite              ||     5
  Use: Scroll            ||     1
 Stab: Sleeping          ||     2
Armor: Leather armour    ||     4
Dodge: Dodged            ||    17

Table legend: (Time is in decaauts)
 A = Elapsed time spent in this place.
 B = Non-inter-level travel time spent in this place.
 C = Inter-level travel time spent in this place.
 D = Time resting spent in this place.
 E = Time spent auto-exploring this place.
 F = Levels seen in this place.
 G = Mean time per level.
                   A        B        C        D        E       F      G
               +--------+--------+--------+--------+--------+-----+--------+
         Total |    135 |    135 |      0 |      0 |      0 |   1 |  135.0 |
       Dungeon |    135 |    135 |      0 |      0 |      0 |   1 |  135.0 |
               +--------+--------+--------+--------+--------+-----+--------+

Top non-repeatable levels by time:
     D:5: 135 daAuts
